 Dungeon Crawl Stone Soup version 0.25-b1-37-g2669288c55 (webtiles) character file.

Game seed: 17952309172972461003

48 funkygono the Firebug (level 3, 0/19 HPs)
             Began as a Gargoyle Fire Elementalist on June 6, 2020.
             Slain by a bullfrog (3 damage)
             ... on level 2 of the Dungeon.
             The game lasted 00:04:12 (1490 turns).

funkygono the Firebug (Gargoyle Fire Elementalist)  Turns: 1490, Time: 00:04:13

Health: 0/19       AC:  7    Str: 11    XL:     3   Next: 72%
Magic:  4/6        EV: 12    Int: 16    God:
Gold:   30         SH:  0    Dex: 10    Spells: 2/6 levels left

rFire    . . .     SeeInvis .   g - +0 whip
rCold    . . .     Gourm    .   (no shield)
rNeg     + . .     Faith    .   a - +1 robe
rPois    ∞         Spirit   .   (no helmet)
rElec    +         Reflect  .   (no cloak)
rCorr    +         Harm     .   d - +0 pair of gloves
MR       .....                  (no boots)
Stlth    ++........             (no amulet)
HPRegen  0.06/turn              e - ring of resist corrosion
MPRegen  0.10/turn              (no ring)

@: very slightly contaminated
A: negative energy resistance 1, electricity resistance, unbreathing,
petrification resistance, rot immunity, AC +3
a: no special abilities


You were on level 2 of the Dungeon.
You were not hungry.

You visited 1 branch of the dungeon, and saw 2 of its levels.

You collected 30 gold pieces.

Inventory:

Hand Weapons
 g - a +0 whip (weapon)
Missiles
 j - 50 stones (quivered)
Armour
 a - a +1 robe (worn)
 d - a +0 pair of gloves (worn)
Jewellery
 e - a ring of resist corrosion (left hand)
Scrolls
 b - a scroll of amnesia
Potions
 i - a potion of flight
 n - a potion of berserk rage
 o - a potion of curing {unknown}
 p - a potion of mutation {unknown}
Comestibles
 c - 2 rations
 f - 2 chunks of flesh


   Skills:
 + Level 0.4 Maces & Flails
 + Level 1.8 Dodging
 + Level 2.2 Stealth
 + Level 2.4 Spellcasting
 + Level 1.8 Conjurations
 + Level 3.7 Fire Magic


You had 2 spell levels left.
You knew the following spells:

 Your Spells              Type           Power        Failure   Level  Hunger
a - Foxfire               Conj/Fire      ##..         6%          1    #......
b - Conjure Flame         Conj/Fire      ##......     19%         3    ###....

Your spell library contained the following spells:

 Spells                   Type           Power        Failure   Level  Hunger
 Inner Flame              Hex/Fire       #.......     28%         3    ###....
 Sticky Flame             Conj/Fire      ##......     54%         4    #####..
 Fireball                 Conj/Fire      ##........   87%         5    ######.


Dungeon Overview and Level Annotations

Branches:
Dungeon (2/15)

Altars:


Innate Abilities, Weirdness & Mutations

You are resistant to torment.
Your stone body is resilient. (AC +3)
You are immune to poison.
You resist negative energy. (rN+)
You are resistant to electric shocks. (rElec)
You can survive without breathing.
You are immune to petrification.
You are immune to rotting.


Message History

The bullfrog hits you but does no damage.
The bullfrog releases a deep croak.
The bullfrog hits you.
* * * LOW HITPOINT WARNING * * *
The bullfrog hits you.
* * * LOW HITPOINT WARNING * * *
The bullfrog barely misses you. The bullfrog hits you.
* * * LOW HITPOINT WARNING * * *
Casting: Foxfire (safe; 6% risk of failure)
Confirm with . or Enter, or press ? or * to list all spells.
You miscast Foxfire.
You are very lightly contaminated with residual magic.
Nothing appears to happen.
The bullfrog hits you but does no damage.
The bullfrog hits you but does no damage.
Casting: Foxfire (safe; 6% risk of failure)
Confirm with . or Enter, or press ? or * to list all spells.
You miscast Foxfire.
Nothing appears to happen.
The bullfrog hits you.
You die...

.?.........#.#..
.....?............
#...[..#......#.#
####......#.#.
#.......##...##
#.#.............#
#........###....#
#.#
######...###....###
#.#
.........lF@.....#
#.#
......#####......+
#.# .......#
##.....# #.#
.......# #...).#
#.# .......#
#.....# #.# .......
#.....####.# ....
###......#.#
###......#
#.##.###.#


You could see a bullfrog and a frilled lizard.

Vanquished Creatures
  A dart slug (D:1)
  3 giant cockroaches (D:1)
  4 goblins (D:1)
  7 hobgoblins
  7 jackals (D:1)
  6 bats (D:1)
  2 frilled lizards (D:1)
  4 kobolds (D:1)
  6 rats (D:1)
40 creatures vanquished.

Vanquished Creatures (others)
  55 foxfires
55 creatures vanquished.

Grand Total: 95 creatures vanquished

Notes
Turn   | Place    | Note
-------+----------+-------------------------------------------
     0 | D:1      | funkygono the Gargoyle Fire Elementalist began the quest
                  | for the Orb.
     0 | D:1      | Reached XP level 1. HP: 10/10 MP: 3/3
   232 | D:1      | Reached XP level 2. HP: 15/15 MP: 1/5
   469 | D:1      | Reached XP level 3. HP: 11/19 MP: 3/6
   832 | D:1      | Learned a level 3 spell: Conjure Flame
  1474 | D:2      | Noticed a bullfrog
  1490 | D:2      | Slain by a bullfrog

Illustrated notes

Levels and vault maps discovered:
D:1:      dpeg_arrival_shelter, layout_loops_ring, minmay_cut_off
D:2:      layout_basic

Action                   || total
-------------------------++-------
Melee: Unarmed           ||     4
       Whip              ||    48
 Cast: Foxfire           ||    45
  Use: Scroll            ||     7
 Stab: Sleeping          ||     2
  Eat: Ration            ||     1
       Chunk             ||     1
Armor: Robe              ||    34
Dodge: Dodged            ||    60
